 Dungeon Crawl Stone Soup version 0.30.1-3-gfc49f6343a (webtiles) character file.

Game seed: 12453563503569696752

552 monsoonserge the Shooter (level 7, -4/52 HPs)
             Began as a Formicid Hunter on July 20, 2023.
             Slain by an orc warrior
             ... wielding a +0 trident
              (9 damage)
             ... on level 4 of the Dungeon on July 21, 2023.
             The game lasted 00:12:00 (2633 turns).

monsoonserge the Shooter (Formicid Hunter)          Turns: 2633, Time: 00:12:01

Health: -4/52      AC: 12    Str: 15    XL:     7   Next: 55%
Magic:  7/7        EV: 11    Int:  9    God:
Gold:   155        SH:  0    Dex: 19    Spells: 6/6 levels left

rFire   . . .        a - +0 shortbow
rCold   . . .        (no shield)
rNeg    . . .        y - +0 ring mail
rPois   .            (helmet unavailable)
rElec   .            (no cloak)
rCorr   .            r - +2 pair of gloves
SInv    +            (no boots)
Will    +....        (no amulet)
Stlth   ++           v - +4 ring of protection
HPRegen 0.28/turn    x - ring of willpower
MPRegen 0.10/turn

%: no passive effects
@: no status effects
A: permanent stasis, dig shafts and tunnels, antennae 3, four strong arms
a: Dig, Shaft Self


You were on level 4 of the Dungeon.
You visited 1 branch of the dungeon, and saw 4 of its levels.

You collected 155 gold pieces.

Inventory:

Hand Weapons
 a - a +0 shortbow (weapon)
Missiles
 p - 5 javelins
 u - a throwing net
Armour
 c - a +0 leather armour
 g - a +0 plate armour
 r - a +2 pair of gloves (worn)
 y - a +0 ring mail (worn)
 z - a +0 scale mail
Magical Staves
 t - a staff of poison
Jewellery
 v - a +4 ring of protection (left hand)
 x - a ring of willpower (right hand)
Wands
 s - a wand of quicksilver (10)
Scrolls
 b - a scroll of immolation
 d - 2 scrolls of poison {unknown}
 k - 3 scrolls of vulnerability {unknown}
 l - a scroll of fog {unknown}
 o - 3 scrolls of identify {unknown}
 q - 3 scrolls of amnesia {unknown}
Potions
 e - a potion of curing {unknown}
 f - 5 potions of attraction
 h - a potion of degeneration {unknown}
 j - a potion of resistance {unknown}
 m - a potion of mutation {unknown}
 n - 2 potions of lignification {unknown}
 w - a potion of magic {unknown}


   Skills:
 + Level 3.4 Fighting
 + Level 7.2 Ranged Weapons
 * Level 3.1 Armour
 + Level 2.2 Dodging
 + Level 1.9 Stealth
 - Level 1.0 Evocations


You had 6 spell levels left.
You didn't know any spells.
Your spell library contained the following spells:

 Spells                   Type           Power      Damage    Failure   Level
 Apportation              Tloc           0%         N/A       61%         1
 Alistair's Intoxication  Tmut/Pois      0%         N/A       100%        5


Dungeon Overview and Level Annotations

Branches:
Dungeon (4/15)
 Temple: D:4-7

Altars:


Innate Abilities, Weirdness & Mutations

You cannot be hasted, slowed, berserked, paralysed or teleported.
You can dig through walls and to a lower floor.
You have a pair of large antennae on your head. (SInv)
Your four strong arms can wield two-handed weapons with a shield.


Message History

Press: ? - help, Q - select action, (/) - cycle Shift-Dir - straight line, f/p - orc warrior
Aim: an orc warrior, wielding a +0 arbalest and wearing a +0 chain mail (severely wounded, 62% to hit)
You shoot an arrow.
The arrow closely misses the orc warrior.
The arrow hits the orc.
The orc is severely wounded.
The orc warrior unwields a +0 arbalest.
The orc warrior wields a +0 trident.
The orc warrior hits you but does no damage.
Fire: a) +0 shortbow
Press: ? - help, Q - select action, (/) - cycle Shift-Dir - straight line, f/p - orc warrior
Aim: an orc warrior, wielding a +0 trident and wearing a +0 chain mail (severely wounded, 62% to hit)
You shoot an arrow. The arrow hits the orc warrior.
The orc warrior is almost dead.
The orc warrior hits you with a +0 trident.
Fire: a) +0 shortbow
Press: ? - help, Q - select action, (/) - cycle Shift-Dir - straight line, f/p - orc warrior
Aim: an orc warrior, wielding a +0 trident and wearing a +0 chain mail (almost dead, 62% to hit)
You shoot an arrow.
The arrow hits the orc warrior but does no damage.
The orc warrior is almost dead.
The orc warrior hits you but does no damage.
Fire: a) +0 shortbow
Press: ? - help, Q - select action, (/) - cycle Shift-Dir - straight line, f/p - orc warrior
Aim: an orc warrior, wielding a +0 trident and wearing a +0 chain mail (almost dead, 62% to hit)
You shoot an arrow.
The arrow hits the orc warrior but does no damage.
The orc warrior is almost dead.
The orc warrior hits you with a +0 trident!
* * * LOW HITPOINT WARNING * * *
Fire: a) +0 shortbow
Press: ? - help, Q - select action, (/) - cycle Shift-Dir - straight line, f/p - orc warrior
Aim: an orc warrior, wielding a +0 trident and wearing a +0 chain mail (almost dead, 62% to hit)
You shoot an arrow.
The arrow barely misses the orc warrior.
The arrow hits the orc!
You kill the orc!
The orc warrior hits you with a +0 trident!
* * * LOW HITPOINT WARNING * * *
The orc warrior hits you with a +0 trident!
You die...

..###.#........####
..#..<#........#
......##...........
...................
..............>.... .
...........###.####
.............##.?# ##
...##........##.###.8.#.
.............##.@o))..'.
...##........##.###.8.#.
...........###..# ##
.###.........#.##
#...........#
###########.# #.# 8.#
).#


You could see an orc warrior.

Vanquished Creatures
  Sigmund (D:2)
  2 scorpions (D:3)
  An orc priest (D:3)
  2 orc wizards (D:4)
  Natasha (thrice) (D:2)
  4 gnolls (D:3)
  A worm (D:2)
  A dart slug (D:2)
  12 orcs
  5 endoplasms
  2 giant cockroaches
  7 goblins
  3 hobgoblins
  3 quokkas
  6 ball pythons
  4 bats
  3 frilled lizards
  4 kobolds
  6 rats
70 creatures vanquished.

Notes
Turn   | Place    | Note
-------+----------+-------------------------------------------
     0 | D:1      | monsoonserge the Formicid Hunter began the quest for the
                  | Orb.
     0 | D:1      | Reached XP level 1. HP: 16/16 MP: 1/1
   309 | D:1      | Reached XP level 2. HP: 22/22 MP: 2/2
   900 | D:2      | Found a faded altar of an unknown god.
   915 | D:2      | Reached XP level 3. HP: 26/27 MP: 3/3
   916 | D:2      | Noticed a shining eye
   917 | D:2      | Noticed a shining eye
   918 | D:2      | Noticed a shining eye
   918 | D:2      | Noticed a golden eye
  1065 | D:2      | Noticed Natasha
  1072 | D:2      | Killed Natasha
  1073 | D:2      | Reached skill level 1 in Armour
  1073 | D:2      | Reached XP level 4. HP: 31/34 MP: 4/4
  1318 | D:2      | Noticed Sigmund
  1328 | D:2      | Killed Sigmund
  1329 | D:2      | Reached skill level 5 in Ranged Weapons
  1329 | D:2      | Reached XP level 5. HP: 34/41 MP: 2/5
  1329 | D:2      | Reached XP level 6. HP: 39/47 MP: 2/6
  1458 | D:2      | Noticed Natasha
  1468 | D:2      | Killed Natasha
  1469 | D:2      | Reached skill level 6 in Ranged Weapons
  1546 | D:2      | Noticed Natasha
  1602 | D:2      | Killed Natasha
  2417 | D:3      | Reached XP level 7. HP: 33/52 MP: 7/7
  2519 | D:4      | Reached skill level 1 in Evocations
  2526 | D:3      | Reached skill level 7 in Ranged Weapons
  2633 | D:4      | Slain by an orc warrior

Illustrated notes

Levels and vault maps discovered:
D:1:      grunt_arrival_crossed_arrows, layout_basic, minmay_misc_feat_hallway,
          hangedman_decor_clover_reticule, due_unseen_surprise
D:2:      layout_loops_ring, hellmonk_ecumenical_altar_watching_god,
          uniq_sigmund, uniq_natasha
D:3:      minmay_general_purpose_star, layout_basic, feat_on_display
D:4:      layout_rooms, minitemple, pf_guarded_unrand_delatra, uniq_grinder

Skill      XL: |  1  2  3  4  5  6  7 |
---------------+----------------------+-----
Armour         | 1 2 3 |  3.1
Fighting       | 3 |  3.4
Ranged Weapons | 5 6 7 |  7.2
Dodging        | 2 |  2.2
Evocations     | 1 |  1.0
Stealth        | |  1.9

Action                     |  1- 3 |  4- 6 |  7- 9 || total
---------------------------+-------+-------+-------++-------
   Fire: Shortbow          |    56 |    87 |    61 ||   204
Ability: Dig               |     4 |       |       ||     4
  Evoke: Wand              |       |     1 |       ||     1
    Use: Potion            |       |     3 |     1 ||     4
 Armour: Leather armour    |     5 |     4 |       ||     9
         Ring mail         |       |    16 |    19 ||    35
  Dodge: Dodged            |    14 |    25 |    23 ||    62
